 Dungeon Crawl Stone Soup version 0.30-a0-634-g8abc85282e (webtiles) character file.

Game seed: 5388500528734030751

1830 wormed the Slasher (level 8, -1/62 (66) HPs)
             Began as a Demigod Gladiator on Jan 14, 2023.
             Slain by a wight
             ... wielding a +2 great sword of freezing
              (7 damage)
             ... on level 7 of the Dungeon.
             The game lasted 00:07:53 (5073 turns).

wormed the Slasher (Demigod Gladiator)              Turns: 5073, Time: 00:07:53

HP:   -1/62 (66)    AC:  4    Str: 23    XL:     8   Next: 56%
MP:   10/10         EV: 15    Int: 10    God:
Gold: 142           SH:  0    Dex: 23    Spells: 7/7 levels left

rFire   . . .      SeeInvis +    i - +6 falchion of Beeto {venom, *Corrode Str+8 SInv}
rCold   . . .      Faith    .    (no shield)
rNeg    . . .      Spirit   .    b - +0 leather armour
rPois   .          Reflect  .    p - +1 helmet "Dalop" {Rampage rCorr}
rElec   .          Harm     .    w - +2 cloak
rCorr   +          Rampage  +    (no gloves)
Will    .....                    (no boots)
Stlth   ++                       (no amulet)
HPRegen 0.30/turn                (no ring)
MPRegen 0.12/turn                (no ring)

@: corroded, drained
A: high MP 1, forlorn, divine attributes
a: no special abilities


You were on level 7 of the Dungeon.
You visited 1 branch of the dungeon, and saw 7 of its levels.

You collected 294 gold pieces.
You spent 152 gold pieces at shops.

Inventory:

Hand Weapons
 i - the +6 falchion of Beeto (weapon) {venom, *Corrode Str+8 SInv}
   (You bought it in a shop on level 6 of the Dungeon)

   Str:       It affects your strength (+8).
   SInv:      It lets you see invisible.
   *Corrode:  It may corrode you when you take damage.
Missiles
 d - 3 throwing nets
 e - a javelin
 h - 10 poisoned darts
 n - 4 atropa-tipped darts (quivered)
Armour
 b - a +0 leather armour (worn)
 p - the +1 helmet "Dalop" (worn) {Rampage rCorr}
   (You acquired it on level 3 of the Dungeon)

   rCorr:     It protects you from acid and corrosion.
   Rampage:   It bestows one free step when moving towards enemies.
 w - a +2 cloak (worn)
Jewellery
 a - a ring of magical power
 c - a ring of fire
 G - a ring of protection from cold
Wands
 C - a wand of roots (5)
 D - a wand of flame (27)
Scrolls
 g - 3 scrolls of blinking
 j - a scroll of fear
 o - a scroll of teleportation
 x - a scroll of torment
 y - a scroll of enchant weapon
 z - 3 scrolls of vulnerability
 A - 3 scrolls of identify
 F - a scroll of brand weapon
Potions
 f - 2 potions of brilliance
 k - a potion of lignification
 l - a potion of curing
 m - 3 potions of flight
 q - 2 potions of magic {unknown}
 r - a potion of attraction {unknown}
 s - a potion of invisibility {unknown}
 t - a potion of berserk rage {unknown}
 u - a potion of might {unknown}
 v - a potion of mutation {unknown}
 E - 2 potions of resistance {unknown}


   Skills:
 + Level 4.2 Fighting
 * Level 6.2 Long Blades
 + Level 4.3 Throwing
 + Level 3.7 Armour
 + Level 4.7 Dodging
 + Level 3.6 Shields


You had 7 spell levels left.
You didn't know any spells.
Your spell library contained the following spells:

 Spells                   Type           Power      Damage    Failure   Level
 Magic Dart               Conj           0%         1d3       41%         1
 Searing Ray              Conj           0%         2d4       54%         2
 Sublimation of Blood     Necr           0%         N/A       54%         2
 Dazzling Flash           Conj/Hex       0%         N/A       78%         3
 Fulminant Prism          Conj/Hex       0%         3d5       99%         4
 Petrify                  Tmut/Erth      0%         N/A       99%         4
 Agony                    Necr           0%         N/A       100%        5
 Irradiate                Conj/Tmut      0%         3d11      100%        5
 Silence                  Hex/Air        0%         N/A       100%        5


Dungeon Overview and Level Annotations

Branches:
Dungeon (7/15)             Temple (0/1) D:6

Shops:
D:6 (


Innate Abilities, Weirdness & Mutations

You have an increased reservoir of magic. (+10% MP)
You shall have no god before yourself.
Your divine heritage dramatically boosts your attributes as you level up.


Message History

You hear the hiss of an avalanche of sand nearby.
You see here a staff of death.
E - 2 ruby potions (gained 1)
Things that are here:
a +0 club; a +0 whip You see here a +4 whip.
Items here: ) [[ †.
You hear the hiss of a distant avalanche of sand.
A - 3 scrolls of identify (gained 1) 3 wights come into view.
A wight is wielding a +2 great sword of freezing.
There are monsters nearby!
You rampage towards the wight!
Found a wand of roots (8).
You hit the wight.
The wight is moderately damaged.
The wight hits you with a +3 dire flail!
You feel drained.
You slash the wight!
The wight is severely damaged.
The wight hits you with a +3 dire flail.
You feel drained.
You slash the wight!
You destroy the wight!
The wight closely misses you.
You hit the wight but do no damage. The wight closely misses you.
The wight completely misses you.
You closely miss the wight. The wight hits you with a +3 scimitar!
The wight closely misses you.
You closely miss the wight. You punch the wight, but do no damage.
The wight closely misses you. The wight hits you but does no damage.
You hit the wight.
The wight is moderately damaged.
The wight hits you but does no damage. The wight misses you.
You hit the wight.
The wight is heavily damaged.
The wight hits you with a +3 scimitar!
Your corrosive artefact corrodes you!
You feel drained.
The wight hits you with a +2 great sword of freezing!
* * * LOW HITPOINT WARNING * * *
The wight freezes you!
You die...

......... ##.#...|###...#.
......... #...............
........###..#............
#...........#......#.#...
#.........####.....###
##.........###........#
.#...............##.#...
................##.##.....
............##..@z........
.........#...##.#z........
............#####........#
....!~.~.....# #........
.....~~~~....#..........
!...!.~.~~..............
......!..~...## .......
........).)..# ....#./
##...##..........


You could see 2 wights.

Vanquished Creatures
  Sigmund (D:5)
  Eustachio (D:4)
  Duvessa (D:6)
  2 sky beasts
  2 ogres (D:5)
  A kobold brigand (D:4)
  A gnoll sergeant (D:7)
  A necrophage (D:6)
  A scorpion (D:4)
  Dowan (D:6)
  5 wights
  A jelly (D:5)
  A hound (D:5)
  2 orc priests
  5 orc wizards
  4 gnolls (D:7)
  11 adders
  2 river rats (D:4)
  A shadow imp (D:7)
  3 worms
  3 dart slugs
  16 orcs
  4 endoplasms
  2 giant cockroaches
  5 goblins
  5 hobgoblins
  5 kobolds
  4 quokkas
  10 ball pythons
  6 bats
  4 frilled lizards
  8 rats
  A bush (D:1)
120 creatures vanquished.

Notes
Turn   | Place    | Note
-------+----------+-------------------------------------------
     0 | D:1      | wormed the Demigod Gladiator began the quest for the Orb.
     0 | D:1      | Reached XP level 1. HP: 17/17 MP: 3/3
   362 | D:1      | Reached XP level 2. HP: 24/24 MP: 4/4
   405 | D:1      | Reached skill level 3 in Long Blades
  1017 | D:2      | Reached XP level 3. HP: 14/29 MP: 5/5
  1138 | D:2      | Reached skill level 1 in Armour
  1551 | D:3      | Reached XP level 4. HP: 36/36 MP: 6/6
  2048 | D:3      | Reached skill level 1 in Shields
  2113 | D:3      | Identified a scroll of acquirement
  2113 | D:3      | Acquired the +1 helmet "Dalop" {Rampage rCorr}
  2193 | D:3      | Reached XP level 5. HP: 40/42 MP: 7/7
  2336 | D:4      | Reached skill level 4 in Long Blades
  2504 | D:4      | Noticed Eustachio
  2524 | D:4      | Killed Eustachio
  2525 | D:4      | Reached XP level 6. HP: 50/50 MP: 8/8
  2779 | D:4      | Found a glowing drain.
  2821 | D:4      | Reached XP level 7. HP: 29/57 MP: 9/9
  3263 | D:5      | Entered Level 5 of the Dungeon
  3265 | D:5      | Noticed a yak
  3267 | D:5      | Noticed a yak
  3269 | D:5      | Noticed a yak
  3269 | D:5      | Noticed a yak
  3643 | D:5      | Reached skill level 5 in Long Blades
  3766 | D:5      | Noticed Sigmund
  3774 | D:5      | Killed Sigmund
  4152 | D:6      | Reached XP level 8. HP: 33/66 MP: 10/10
  4432 | D:6      | Noticed Dowan
  4434 | D:6      | Noticed Duvessa
  4447 | D:6      | Killed Duvessa
  4466 | D:6      | Killed Dowan
  4527 | D:6      | Found a staircase to the Ecumenical Temple.
  4551 | D:6      | Found Akoeliu's Antique Weapon Boutique.
  4557 | D:6      | Bought a jewelled falchion for 152 gold pieces
  4557 | D:6      | Identified the +6 falchion of Beeto {venom, *Corrode Str+8
                  | SInv} (You bought it in a shop on level 6 of the Dungeon)
  4827 | D:7      | Reached skill level 6 in Long Blades
  5073 | D:7      | Slain by a wight

Illustrated notes

Levels and vault maps discovered:
D:1:      ncdulo_watergridlock, layout_basic, serial_forest,
          infiniplex_forest_end_2, infiniplex_forest_lined_2,
          infiniplex_forest_clump_diagonal, infiniplex_forest_clump_curved,
          infiniplex_forest_lined_room_, infiniplex_forest_end_2,
          infiniplex_forest_diagonal, minmay_strange_pillars, solitary_fountain
D:2:      layout_basic, basic_ecumenical_altar, basic_altar
D:3:      layout_basic
D:4:      layout_basic, portal_sewer_entry_a, roderic_st_hans_cross,
          nrook_campfire, uniq_eustachio
D:5:      layout_basic, nrook_uturn, uniq_sigmund
D:6:      layout_basic, minmay_temple_entry_junction, serial_shops, shop,
          uniq_duvessa
D:7:      layout_cave_pools, nicolae_ossuary_entry_monument, dk_vineyard_3,
          kennysheep_generic_room_3, uniq_pikel, uniq_crazy_yiuf_cottage

Skill      XL: |  1  2  3  4  5  6  7  8 |
---------------+-------------------------+-----
Throwing       | 2 3 4 |  4.3
Long Blades    | 3 4 5 6 |  6.2
Fighting       | 2 3 4 |  4.2
Dodging        | 3 4 |  4.7
Armour         | 1 2 3 |  3.7
Shields        | 1 2 3 |  3.6

Action                   |  1- 3 |  4- 6 |  7- 9 || total
-------------------------+-------+-------+-------++-------
Melee: Long sword        |   199 |   158 |    89 ||   446
       Punch             |     2 |     1 |     2 ||     5
       Falchion          |       |       |    49 ||    49
Throw: Dart              |       |       |     2 ||     2
  Use: Scroll            |     4 |     7 |     8 ||    19
       Potion            |       |     1 |     2 ||     3
 Stab: Sleeping          |     2 |     3 |     1 ||     6
Armor: Leather armour    |    49 |    99 |    37 ||   185
Dodge: Dodged            |    92 |   171 |    89 ||   352

Table legend: (Time is in decaauts)
 A = Elapsed time spent in this place.
 B = Non-inter-level travel time spent in this place.
 C = Inter-level travel time spent in this place.
 D = Time resting spent in this place.
 E = Time spent auto-exploring this place.
 F = Levels seen in this place.
 G = Mean time per level.
                   A        B        C        D        E       F      G
               +--------+--------+--------+--------+--------+-----+--------+
         Total |   5166 |   4943 |    223 |      0 |   3745 |   7 |  738.0 |
       Dungeon |   5166 |   4943 |    223 |      0 |   3745 |   7 |  738.0 |
               +--------+--------+--------+--------+--------+-----+--------+

Top non-repeatable levels by time:
     D:4: 1129 daAuts
     D:1: 1001 daAuts
     D:5: 777 daAuts
     D:6: 722 daAuts
     D:3: 668 daAuts
     D:2: 596 daAuts
     D:7: 271 daAuts
